 Dungeon Crawl Stone Soup version 0.28.0-53-g5a82cb258f (webtiles) character file.

Game seed: 16037172168224335888

2100 styxcanada the Covert (level 9, -3/45 HPs)
             Began as a Spriggan Brigand on Aug 18, 2022.
             Was an Initiate of Gozag.
             Slain by Harold
             ... wielding a +2 scimitar of holy wrath
              (22 damage)
             ... on level 8 of the Dungeon.
             The game lasted 00:31:49 (8165 turns).

styxcanada the Covert (Spriggan Brigand)            Turns: 8165, Time: 00:31:49

Health: -3/45      AC:  6    Str:  7    XL:     9   Next: 7%
Magic:  0/10       EV: 24    Int:  9    God:    Gozag
Gold:   749        SH:  0    Dex: 26    Spells: 8/8 levels left

rFire   + . .      SeeInvis +   r - +3 short sword
rCold   . . .      Faith    .   (no shield)
rNeg    . . .      Spirit   +   s - +2 robe {Archmagi}
rPois   .          Reflect  .   (helmet restricted)
rElec   .          Harm     .   c - +1 cloak
rCorr   .          Rampage  .   (gloves unavailable)
Will    ++...      Archmagi +   (boots unavailable)
Stlth   ++++++....              B - amulet "Lyowar" {Spirit rF+ Will+ Int-3 Dex+5}
HPRegen 0.15/turn               (no ring)
MPRegen 0.12/turn               (no ring)

@: very quick
A: very small, no large weapons, unfitting armour, see invisible, speed 3
a: Renounce Religion, Potion Petition, Call Merchant, Bribe Branch


You were on level 8 of the Dungeon.
You worshipped Gozag.
Gozag was pleased with you.
You visited 1 branch of the dungeon, and saw 8 of its levels.

You collected 813 gold pieces.
You paid 64 gold pieces to Gozag.

Inventory:

Hand Weapons
 a - a +3 dagger
 p - a +0 hunting sling
 r - a +3 short sword (weapon)
Missiles
 g - 6 poisoned darts
 j - 4 atropa-tipped darts (quivered)
 k - 198 stones
 q - a curare-tipped dart
 w - 2 throwing nets
Armour
 c - a +1 cloak (worn)
 s - a +2 robe of the Archmagi (worn)
Jewellery
 m - an amulet of regeneration
 u - an amulet of magic regeneration
 y - an amulet of faith
 B - the amulet "Lyowar" (around neck) {Spirit rF+ Will+ Int-3 Dex+5}
   (You found it on level 7 of the Dungeon)

   [amulet of guardian spirit]

   It causes incoming damage to be divided between your reserves of health and
   magic.
   Int:       It affects your intelligence (-3).
   Dex:       It affects your dexterity (+5).
   rF:        It protects you from fire.
   Will:      It increases your willpower.
 D - an amulet of the acrobat
Wands
 x - a wand of polymorph (7)
Scrolls
 d - 2 scrolls of teleportation
 f - 2 scrolls of enchant armour
 o - a scroll of enchant weapon
 C - a scroll of vulnerability {unknown}
Potions
 b - a potion of haste
 h - 2 potions of magic {unknown}
 i - a potion of cancellation {unknown}
 l - 2 potions of invisibility {unknown}
 n - 4 potions of curing {unknown}
 t - a potion of might {unknown}
 v - 2 potions of mutation {unknown}
 z - a potion of brilliance {unknown}
 A - a potion of lignification {unknown}


   Skills:
 + Level 3.9 Fighting
 + Level 6.3 Short Blades
 + Level 2.8(4.4) Slings
 + Level 4.4(4.7) Throwing
 * Level 6.6 Dodging
 * Level 11.8 Stealth
 * Level 0.5 Evocations


You had 8 spell levels left.
You didn't know any spells.
Your spell library contained the following spells:

 Spells                   Type           Power      Damage    Failure   Level
 Ozocubu's Armour         Ice            0%         N/A       77%         3
 Animate Dead             Necr           0%         N/A       99%         4
 Olgreb's Toxic Radiance  Pois           0%         N/A       99%         4
 Haunt                    Necr/Summ      0%         N/A       100%        7
 Ozocubu's Refrigeration  Ice            0%         4d5       100%        7
 Ignition                 Fire           0%         3d3       100%        8
 Infestation              Necr           0%         N/A       100%        8


Dungeon Overview and Level Annotations

Branches:
Dungeon (8/15)             Temple (0/1) D:5
   Lair: D:8-11

Altars:
Fedhas
Gozag
Sif Muna
Uskayaw
Yredelemnul

Annotations:
D:8 1 transporter, Harold


Innate Abilities, Weirdness & Mutations

You are very small and have problems with some larger weapons.
You are too small for most types of armour.
You have supernaturally acute eyesight. (SInv)
You cover ground extremely quickly. (Speed+++)


Message History

E - a scroll of identify
As you read the scroll of identify, it crumbles to dust.
e - 2 potions of degeneration You drop 2 potions of degeneration.
Done exploring.
(D) Dungeon (T) Temple
Where to? (Enter - D:7, ? - help)
What level of the Dungeon? (default 1, ? - help)
There is an open door here.
There is a stone staircase leading down here.
You climb downwards.
Found a transporter.
There is a stone staircase leading up here.
Harold is nearby!
Harold shouts!
You hear a shout! x2
Found 15 gold pieces.
Harold throws a throwing net.
The throwing net barely misses you.
You see here a throwing net.
Found a scroll labelled LUOVVEC BAEFO and a coppery potion.
Harold fires a harpoon shot at you. The harpoon shot misses you.
A lemure comes into view.
A lemure comes into view. x2
Harold hits you but does no damage.
The lemure moves out of view.
The lemure shouts!
You hit Harold but do no damage. Harold hits you but does no damage.
You hit Harold.
Harold is lightly wounded.
You hit Harold but do no damage.
Harold is lightly wounded.
Harold hits you with a +2 scimitar of holy wrath!
A killer bee zombie comes into view.
You hit Harold.
Harold is lightly wounded.
Harold hits you with a +2 scimitar of holy wrath!
You barely miss Harold.
Harold is lightly wounded.
Harold hits you with a +2 scimitar of holy wrath!!
You die...
Your body crumbles into a pile of gold.

#.... #..# .#
#...###...#
...#####....#
.....©..(.#
..........##
...#.......#
##......#
.......#..<#
##...###@.##
#... #.@5#
#.. #...#
#... ...5##
### ##...Z
#.#.. #.#..
#.....


You could see Harold, 2 lemures and a killer bee zombie.

Vanquished Creatures
  A wyvern (D:7)
  Sigmund (D:2)
  2 water moccasins (D:6)
  A sky beast (D:5)
  A black bear (D:7)
  An orc warrior (D:6)
  An ice beast (D:7)
  2 centaurs (D:5)
  A phantom (D:7)
  Blork the orc (D:4)
  A scorpion (D:6)
  A bullfrog (D:7)
  A wyvern zombie (D:6)
  3 wights (D:6)
  A bullfrog zombie (D:5)
  3 hounds
  2 orc priests (D:6)
  A jelly (D:6)
  Jessica (D:2)
  Terence (D:3)
  2 iguanas
  Natasha (twice) (D:2)
  An orc wizard (D:6)
  A scorpion zombie (D:5)
  A killer bee zombie (D:5)
  Robin (D:2)
  4 adders
  A shadow imp (D:5)
  A white imp (D:7)
  An adder skeleton (D:4)
  3 worms (D:2)
  A dart slug (D:4)
  15 orcs
  5 endoplasms
  7 giant cockroaches
  13 goblins
  12 hobgoblins
  3 jackals (D:1)
  3 quokkas
  4 ball pythons
  7 bats
  3 frilled lizards
  10 kobolds
  7 rats
135 creatures vanquished.

Vanquished Creatures (others)
  A giant cockroach (D:4)
  14 plants (D:4)
15 creatures vanquished.

Grand Total: 150 creatures vanquished

Notes
Turn   | Place    | Note
-------+----------+-------------------------------------------
     0 | D:1      | styxcanada the Spriggan Brigand began the quest for the
                  | Orb.
     0 | D:1      | Reached XP level 1. HP: 10/10 MP: 2/2
    49 | D:1      | Reached skill level 6 in Stealth
    85 | D:1      | Reached XP level 2. HP: 10/15 MP: 3/3
   850 | D:1      | Reached XP level 3. HP: 8/18 MP: 4/4
  1140 | D:1      | Found a faded altar of an unknown god.
  1198 | D:2      | Noticed Robin
  1238 | D:2      | Noticed Jessica
  1275 | D:2      | Killed Jessica
  1276 | D:2      | Reached skill level 7 in Stealth
  1318 | D:2      | Reached XP level 4. HP: 18/23 MP: 5/5
  1478 | D:2      | Killed Robin
  1827 | D:2      | Noticed Sigmund
  1869 | D:2      | Killed Sigmund
  1870 | D:2      | Reached XP level 5. HP: 26/26 MP: 6/6
  2154 | D:2      | Noticed Natasha
  2173 | D:2      | Killed Natasha
  2174 | D:2      | Reached XP level 6. HP: 30/30 MP: 7/7
  2417 | D:2      | Noticed Natasha
  2489 | D:2      | Killed Natasha
  3065 | D:3      | Noticed Terence
  3068 | D:3      | Killed Terence
  3069 | D:3      | Reached skill level 8 in Stealth
  3325 | D:4      | Found a blossoming altar of Fedhas.
  3364 | D:4      | Noticed Blork the orc
  3372 | D:4      | Killed Blork the orc
  3408 | D:4      | Found a hide-covered altar of Uskayaw.
  3680 | D:4      | Found an opulent altar of Gozag.
  3709 | D:4      | Became a worshipper of Gozag Ym Sagoz the Greedy
  4181 | D:5      | Entered Level 5 of the Dungeon
  4181 | D:5      | Found a staircase to the Ecumenical Temple.
  4187 | D:5      | Reached skill level 9 in Stealth
  4187 | D:5      | Reached XP level 7. HP: 35/35 MP: 8/8
  4769 | D:5      | Reached skill level 5 in Short Blades
  4769 | D:5      | Reached skill level 10 in Stealth
  5385 | D:6      | Reached XP level 8. HP: 40/40 MP: 9/9
  5577 | D:6      | Reached skill level 5 in Dodging
  5682 | D:6      | Reached skill level 11 in Stealth
  5874 | D:6      | Reached skill level 1 in Slings
  7303 | D:7      | Found a basalt altar of Yredelemnul.
  7305 | D:7      | Found a shimmering blue altar of Sif Muna.
  7390 | D:7      | Reached XP level 9. HP: 45/45 MP: 10/10
  7401 | D:7      | Identified the amulet "Lyowar" {Spirit rF+ Will+ Int-3
                  | Dex+5}
  8151 | D:8      | Noticed Harold
  8151 | D:8      | Found a transporter.
  8165 | D:8      | Slain by Harold

Illustrated notes

Levels and vault maps discovered:
D:1:      eino_arrival_water_cross, layout_basic,
          shapermc_ecumenical_altar_pompeii
D:2:      layout_rooms, chequers_serial_rivers_micro_b, minmay_vboxes,
          uniq_jessica, uniq_sigmund, uniq_natasha, uniq_robin
D:3:      layout_loops_ring, uniq_terence
D:4:      layout_cave_pools, mainiacjoe_overflow_brackets, fedhas_altar_2,
          kennysheep_little_box, serial_glass, glass_columns_a, glass_columns_a,
          glass_columns_a, glass_columns_c, glass_columns_c, glass_columns_a,
          serial_bayou_lagoon_b, uniq_blork_the_orc
D:5:      wander_river, layout_loops_ring, minmay_temple_entry_trees
D:6:      layout_basic
D:7:      layout_gridville, jmf_multi_god_temple, kennysheep_flooded_box
D:8:      layout_cave_pools, nicolae_ashenzari_panopticon, zin_angel,
          gammafunk_ghost_wrathful_warriors, dreamdust_deal_with_the_devil,
          minmay_misc_feat_cross, uniq_harold, uniq_pikel

Skill      XL: |  1  2  3  4  5  6  7  8 |
---------------+-------------------------+-----
Stealth        | 6 7 9 10 11 | 11.8
Short Blades   | 3 4 5 6 |  6.3
Fighting       | 2 3 |  3.9
Throwing       | 3 4 |  4.4
Dodging        | 2 3 4 6 |  6.6
Slings         | 2 |  2.8
Evocations     | |  0.5

Action                   |  1- 3 |  4- 6 |  7- 9 || total
-------------------------+-------+-------+-------++-------
Melee: Dagger            |   106 |   180 |   131 ||   417
       Punch             |       |     5 |     4 ||     9
       Short sword       |       |       |   139 ||   139
 Fire: Hunting sling     |       |       |    49 ||    49
Throw: Dart              |    13 |    42 |    25 ||    80
       Stone             |       |     2 |       ||     2
  Use: Scroll            |       |     8 |     4 ||    12
 Stab: Sleeping          |     4 |    19 |     9 ||    32
       Distracted        |     1 |       |     2 ||     3
       Invisible         |       |     3 |     6 ||     9
Armor: Robe              |    18 |    18 |    32 ||    68
Dodge: Dodged            |    78 |   108 |   188 ||   374
